 Dungeon Crawl Stone Soup version 0.27-a0-951-gae3e1deef5 (webtiles) character file.

Game seed: 3968069157439635480

67 polve the Cutter (level 3, -1/29 HPs)
             Began as a Demonspawn Abyssal Knight on Apr 11, 2021.
             Was a Follower of Lugonu.
             Slain by a kobold
             ... wielding a +0 whip
              (3 damage)
             ... on level 2 of the Dungeon.
             The game lasted 00:01:38 (2097 turns).

polve the Cutter (Demonspawn Abyssal Knight)        Turns: 2097, Time: 00:01:38

Health: -1/29      AC:  3    Str: 13    XL:     3   Next: 98%
Magic:  13/13      EV: 11    Int: 13    God:    Lugonu [*.....]
Gold:   147        SH:  0    Dex: 12    Spells: 2/2 levels left

rFire    . . .     SeeInvis .   a - +1 short sword
rCold    . . .     Faith    .   (no shield)
rNeg     . . .     Spirit   .   b - +0 leather armour
rPois    .         Reflect  .   (no helmet)
rElec    .         Harm     .   (no cloak)
rCorr    .         Rampage  .   (no gloves)
Will     .....                  (no boots)
Stlth    +.........             (no amulet)
HPRegen  0.09/turn              l - ring of magical power
MPRegen  0.13/turn              (no ring)

@: no status effects
A: claws 1
a: Renounce Religion, Depart the Abyss


You were on level 2 of the Dungeon.
You worshipped Lugonu.
Lugonu was aware of your devotion.
You visited 1 branch of the dungeon, and saw 2 of its levels.
You visited the Abyss 1 time.

You collected 147 gold pieces.

Inventory:

Hand Weapons
 a - a +1 short sword (weapon)
Armour
 b - a +0 leather armour (worn)
Jewellery
 l - a ring of magical power (left claw)
Scrolls
 e - a scroll of enchant armour {unknown}
 g - 2 scrolls of noise {unknown}
 h - a scroll of teleportation {unknown}
 i - a scroll of immolation {unknown}
 k - a scroll of vulnerability {unknown}
 m - a scroll of acquirement {unknown}
Potions
 c - a potion of degeneration {unknown}
 d - a potion of curing {unknown}
 f - a potion of mutation {unknown}
 j - a potion of ambrosia {unknown}


   Skills:
 - Level 3.0 Fighting
 + Level 3.9 Short Blades
 - Level 1.7 Armour
 - Level 0.8 Dodging
 - Level 2.4 Invocations


You had 2 spell levels left.
You didn't know any spells.
Your spell library was empty.

Dungeon Overview and Level Annotations

Branches:
Dungeon (2/15)

Altars:


Innate Abilities, Weirdness & Mutations

You have sharp fingernails.


Message History

You closely miss the adder.
The adder is heavily wounded.
The adder closely misses you.
You miss the adder.
The adder is heavily wounded.
The adder closely misses you.
You closely miss the adder.
The adder is heavily wounded.
The adder bites you.
You hit the adder.
You kill the adder!
Lugonu accepts your kill. The bat hits you.
You miss the bat. The bat closely misses you.
The bat hits you but does no damage.
Your leather armour prevents you from hitting the bat.
The bat hits you but does no damage.
Your leather armour prevents you from hitting the kobold.
The kobold closely misses you.
You hit the kobold.
The kobold is heavily wounded.
The kobold closely misses you.
You hit the kobold.
The kobold is severely wounded.
The kobold hits you with a +0 whip.
You closely miss the kobold.
The kobold is severely wounded.
The kobold hits you with a +0 whip.
You hit the kobold but do no damage.
The kobold is severely wounded.
The kobold hits you with a +0 whip.
* * * LOW HITPOINT WARNING * * *
You barely miss the kobold.
The kobold is severely wounded.
The kobold hits you with a +0 whip.
* * * LOW HITPOINT WARNING * * *
You barely miss the kobold.
The kobold is severely wounded.
The kobold hits you with a +0 whip.
You die...

..##...###....# ##.##
##.##.# #.##.. #....#
#.#### ##...# #.##. .
#....# ##...###.####
#..#.#...#####.#.##.##
#..#.#........(..#.##
........###.###.#.##
........###.# #.###
#.......b##.###.#
........rK@..##.#
#.#......###.##.#
#........##...#.#
###...#r........#
##.#..#.......# #.
##K#.......# #
#..#.......#
##..##.....##
##..###....##


You could see a bat, a kobold and a rat.

Vanquished Creatures
  2 adders (D:2)
  A worm (D:2)
  A dart slug (D:1)
  6 ball pythons
  5 endoplasms
  A goblin (D:1)
  5 hobgoblins
  5 jackals (D:1)
  2 quokkas
  3 bats (D:1)
  A frilled lizard (D:1)
  5 kobolds (D:1)
  3 rats
40 creatures vanquished.

Notes
Turn   | Place    | Note
-------+----------+-------------------------------------------
     0 | Abyss:1  | polve the Demonspawn Abyssal Knight began the quest for the
                  | Orb.
     0 | Abyss:1  | Reached XP level 1. HP: 18/18 MP: 2/2
    31 | Abyss:1  | Noticed a jelly
   106 | Abyss:3  | Noticed a great orb of eyes
   106 | Abyss:3  | Noticed a large abomination
   107 | D:1      | Escaped the Abyss
   126 | D:1      | Noticed a wolf
   126 | D:1      | Noticed a swamp drake
   127 | D:1      | Noticed an iguana
   127 | D:1      | Noticed a water moccasin
   194 | D:1      | Reached * piety under Lugonu
   407 | D:1      | Gained mutation: You have sharp fingernails. [demonic
                  | ancestry]
   407 | D:1      | Reached XP level 2. HP: 24/24 MP: 3/3
  1390 | D:1      | Reached XP level 3. HP: 29/29 MP: 4/4
  2097 | D:2      | Slain by a kobold

Illustrated notes

Levels and vault maps discovered:
D:1:      onia_arrival_zoo_common, layout_basic, nrook_uturn
D:2:      minmay_alternating_diamond, layout_loops_ring

Skill      XL: |  1  2 |
---------------+-------+-----
Short Blades   | 2 3 |  3.9
Fighting       | |  3.0
Armour         | |  1.7
Dodging        | |  0.8
Invocations    | |  2.4

Action                   || total
-------------------------++-------
Melee: Short sword       ||   134
Invok: Depart the Abyss  ||     1
 Stab: Sleeping          ||     1
Armor: Leather armour    ||    53
Dodge: Dodged            ||    98

Table legend: (Time is in decaauts)
 A = Elapsed time spent in this place.
 B = Non-inter-level travel time spent in this place.
 C = Inter-level travel time spent in this place.
 D = Time resting spent in this place.
 E = Time spent auto-exploring this place.
 F = Levels seen in this place.
 G = Mean time per level.
                   A        B        C        D        E       F      G
               +--------+--------+--------+--------+--------+-----+--------+
         Total |   2088 |   2055 |     33 |      0 |   1710 |   5 |  417.6 |
       Dungeon |   1982 |   1949 |     33 |      0 |   1650 |   2 |  991.0 |
         Abyss |    106 |    106 |      0 |      0 |     60 |   3 |   35.3 |
               +--------+--------+--------+--------+--------+-----+--------+

Top non-repeatable levels by time:
     D:1: 1747 daAuts
     D:2: 234 daAuts
 Abyss:3: 41 daAuts
 Abyss:1: 37 daAuts
 Abyss:2: 27 daAuts
